 Dungeon Crawl Stone Soup version 0.26.1-11-gd32895ea62 (webtiles) character file.

Game seed: 7095079211662355382

161 Zeld the Twirler (level 5, 0/34 HPs)
             Began as an Octopode Gladiator on May 22, 2021.
             Was an Initiate of Okawaru.
             Slain by an adder (4 damage)
             ... on level 3 of the Dungeon.
             The game lasted 00:01:49 (2712 turns).

Zeld the Twirler (Octopode Gladiator)               Turns: 2712, Time: 00:01:50

Health: 0/34       AC:  1    Str: 15    XL:     5   Next: 42%
Magic:  5/5        EV: 14    Int: 10    God:    Okawaru [......]
Gold:   89         SH:  0    Dex: 13    Spells: 4/4 levels left

rFire    . . .     SeeInvis .   a - +0 quarterstaff
rCold    . . .     Faith    .   (shield currently unavailable)
rNeg     . . .     Spirit   .   b - +0 hat
rPois    .         Reflect  .   (no amulet)
rElec    .         Harm     .   (no ring)
rCorr    .         Rampage  .   (no ring)
Will     .....                  (no ring)
Stlth    ++........             (no ring)
HPRegen  0.11/turn              (no ring)
MPRegen  0.09/turn              (no ring)
                                (no ring)
                                (no ring)

@: brilliant, lethally poisoned (0 -> -2)
A: almost no armour, stealthy swim, amphibious, 8 rings, constrict 8, camouflage
1, gelatinous body 1
a: Renounce Religion


You were on level 3 of the Dungeon.
You worshipped Okawaru.
Okawaru was noncommittal.
You visited 1 branch of the dungeon, and saw 3 of its levels.

You collected 89 gold pieces.

Inventory:

Hand Weapons
 a - a +0 quarterstaff (weapon)
Missiles
 c - 3 throwing nets
 r - 12 poisoned darts (quivered)
Armour
 b - a +0 hat (worn)
Jewellery
 e - a +6 ring of dexterity {unknown}
 p - an uncursed ring of positive energy {unknown}
 q - an uncursed ring of flight {unknown}
Scrolls
 d - a scroll of magic mapping {unknown}
 f - a scroll of blinking {unknown}
 h - 3 scrolls of identify {unknown}
 i - a scroll of enchant weapon {unknown}
 j - a scroll of teleportation {unknown}
 k - a scroll of immolation {unknown}
 l - a scroll of noise {unknown}
 m - a scroll of amnesia {unknown}
 n - a scroll of remove curse {unknown}
 o - a scroll of random uselessness {unknown}
 t - a scroll of fog {unknown}
Potions
 g - a potion of brilliance
 s - a potion of ambrosia {unknown}
 u - a potion of attraction {unknown}
 v - a potion of degeneration {unknown}


   Skills:
 - Level 2.0 Fighting
 * Level 5.9 Staves
 - Level 2.0 Throwing
 - Level 3.0 Dodging


You had 4 spell levels left.
You didn't know any spells.
Your spell library was empty.

Dungeon Overview and Level Annotations

Branches:
Dungeon (3/15)

Altars:
Okawaru


Innate Abilities, Weirdness & Mutations

You cannot wear most types of armour.
You are very stealthy in the water. (Stealth+)
You are amphibious.
You can wear up to eight rings at the same time.
You can use your tentacles to constrict eight enemies at once.
Your skin changes colour to match your surroundings (Stealth+).
Your rubbery body absorbs attacks. (AC +1, EV +1)


Message History

You hit the orc priest but do no damage.
The orc priest is severely wounded.
You constrict the orc priest. The adder closely misses you.
The orc priest closely misses you. The adder bites you. The orc misses you.
The orc closely misses you.
You hit the orc priest but do no damage.
You squeeze the orc priest.
You kill the orc priest!
Okawaru accepts your kill. The adder bites you.
You are poisoned.
The adder poisons you! The orc hits you with a +0 club.
* * * LOW HITPOINT WARNING * * *
The orc hits you with a +0 hand axe.
* * * LOW HITPOINT WARNING * * *
You feel sick.
It was a potion of brilliance.
You feel clever all of a sudden. The adder bites you.
You die...

###.....##......#########.
..........>.........()....
.).....###...#..#########.
........................
.....#.#.##.############
##.#...#.##.......#
.....#.##########.#
.#####.# #........#
.......###.....S@.#
...#####......)oo.# ...#
.....!....# ...#
.......?..# .###
..........# .# ##........#
.# #.........# .#
#.######### .# #.


You could see an adder and 2 orcs.

Vanquished Creatures
  An orc priest (D:3)
  A hound (D:2)
  A centaur skeleton (D:2)
  2 adders
  2 oozes (D:2)
  A worm (D:3)
  A leopard gecko (D:3)
  An orc (D:3)
  3 giant cockroaches
  5 hobgoblins (D:2)
  2 jackals (D:2)
  5 kobolds
  A ball python (D:1)
  9 bats
  5 frilled lizards
  3 goblins (D:2)
  5 rats (D:1)
48 creatures vanquished.

Notes
Turn   | Place    | Note
-------+----------+-------------------------------------------
     0 | D:1      | Zeld the Octopode Gladiator began the quest for the Orb.
     0 | D:1      | Reached XP level 1. HP: 14/14 MP: 1/1
   541 | D:1      | Reached XP level 2. HP: 14/19 MP: 2/2
  1121 | D:2      | Found an iron altar of Okawaru.
  1127 | D:2      | Reached skill level 4 in Staves
  1127 | D:2      | Reached XP level 3. HP: 7/24 MP: 3/3
  1133 | D:2      | Became a worshipper of Warmaster Okawaru
  1438 | D:2      | Reached skill level 5 in Staves
  1438 | D:2      | Reached XP level 4. HP: 17/29 MP: 4/4
  2386 | D:3      | Reached XP level 5. HP: 34/34 MP: 5/5
  2712 | D:3      | Slain by an adder

Illustrated notes

Levels and vault maps discovered:
D:1:      minmay_arrival_cross, layout_basic
D:2:      layout_rooms, okawaru_trees_2
D:3:      layout_basic, old_standard_altar

Skill      XL: |  1  2  3 |
---------------+----------+-----
Staves         | 4 5 |  5.9
Fighting       | |  2.0
Throwing       | |  2.0
Dodging        | |  3.0

Action                   |  1- 3 |  4- 6 || total
-------------------------+-------+-------++-------
Melee: Quarterstaff      |    58 |    43 ||   101
       Constrict         |    12 |     9 ||    21
       Tentacles         |     6 |     8 ||    14
  Use: Potion            |       |     1 ||     1
 Stab: Sleeping          |     6 |     1 ||     7
Armor: Skin              |     8 |     4 ||    12
Dodge: Dodged            |    51 |    31 ||    82
